 Dungeon Crawl Stone Soup version 0.20-a0-833-gc632bec (webtiles) character file.

18 Dfrag the Firebug (level 2, 0/22 HPs)
             Began as a Naga Fire Elementalist on Mar 8, 2017.
             Slain by a goblin (3 damage)
             ... on level 1 of the Dungeon.
             The game lasted 00:01:10 (310 turns).

Dfrag the Firebug (Naga Fire Elementalist)           Turns: 310, Time: 00:01:11

Health: 0/22       AC:  1    Str: 10    XL:     2   Next: 66%
Magic:  0/5        EV: 10    Int: 15    God:
Gold:   17         SH:  0    Dex: 11    Spells: 5/6 levels left

rFire    . . .     SeeInvis +   (no weapon)
rCold    . . .     Gourm    .   a - +0 robe
rNeg     . . .     Faith    .   (no shield)
rPois    +         Spirit   .   (no helmet)
rElec    .         Reflect  .   (no cloak)
rCorr    .         Harm     .   (no gloves)
MR       .....                  (no barding)
Stlth    +.........             (no amulet)
Regen    0.1/turn               (no ring)
MPRegen  0.1/turn               g - ring of loudness (curse)

@: short of breath, very slightly contaminated, very slow
A: see invisible, deformed body, poison resistance, slowness 2, slow metabolism
1, spit poison 1, AC +0
a: Spit Poison


You were on level 1 of the Dungeon.
You were not hungry.

You visited 1 branch of the dungeon, and saw 1 of its levels.

You collected 17 gold pieces.

Inventory:

Armour
 a - a +0 robe (worn)
Jewellery
 g - a cursed ring of loudness (left hand)
Scrolls
 d - a scroll of random uselessness {unknown}
 e - a scroll of remove curse {unknown}
 f - a scroll of teleportation {unknown}
Potions
 h - a potion of flight {unknown}
Books
 b - a book of Flames

   Spells                             Type                      Level
   a - Flame Tongue                   Conjuration/Fire             1
   b - Throw Flame                    Conjuration/Fire             2
   c - Conjure Flame                  Conjuration/Fire             3
   d - Inner Flame                    Hexes/Fire                   3
   e - Sticky Flame                   Conjuration/Fire             4
   f - Fireball                       Conjuration/Fire             5
Comestibles
 c - 2 bread rations


   Skills:
 - Level 1.5 Dodging
 - Level 3.0 Stealth
 + Level 2.5 Spellcasting
 + Level 1.3 Conjurations
 + Level 3.3 Fire Magic


You had 5 spell levels left.
You knew the following spells:

 Your Spells              Type           Power        Failure   Level  Hunger
a - Flame Tongue          Conj/Fire      #....        12%         1    #......


Dungeon Overview and Level Annotations

Branches:
Dungeon (1/15)

Altars:


Innate Abilities, Weirdness & Mutations

You cannot wear boots.
Your serpentine skin is tough. (AC +0)
You have supernaturally acute eyesight. (SInv)
Armour fits poorly on your strangely shaped body.
Your system is resistant to poisons. (rPois)
You cover ground very slowly.
You have a slow metabolism.
You can spit poison.


Message History

Nothing appears to happen.
The jackal bites you. x3
The jackal barely misses you.
Press: ? - help, Shift-Dir - straight line, f - jackal, p - jackal
Aim: a jackal The splash of poison hits the jackal.
You kill the jackal!
You feel slightly more hungry. The jackal bites you. x2
* * * LOW HITPOINT WARNING * * *
Unknown command.
Casting: Flame Tongue
Confirm with . or Enter, or press ? or * to list all spells.
Aiming: Flame Tongue
Press: ? - help, Shift-Dir - straight line, f - jackal
Aim: a jackal (severely wounded)
The flame tongue hits the jackal.
You kill the jackal!
The jackal bites you.
* * * LOW HITPOINT WARNING * * *
The goblin hits you.
You die...

.........................#
##............######.....#
##........÷..............#
......#>...........#.....
......#..............$.$
......#.................
..###.#.................
..# #.#.................
..###.##########@.#.l...
....#.# #.h†g# ... .##.#.#
#+#l.# # .##.#.# ....
....#.# ..... ....#.#
....... ....#.# ........
...##.# #.######## ...##.#


You could see a jackal, a goblin and a frilled lizard.

Vanquished Creatures
  An ooze (D:1)
  4 hobgoblins (D:1)
  2 jackals (D:1)
  A bat (D:1)
  A frilled lizard (D:1)
  2 kobolds (D:1)
  3 rats (D:1)
14 creatures vanquished.

Notes
Turn   | Place    | Note
-------+----------+-------------------------------------------
     0 | D:1      | Dfrag the Naga Fire Elementalist began the quest for the Orb.
     0 | D:1      | Reached XP level 1. HP: 15/15 MP: 3/3
   102 | D:1      | Reached XP level 2. HP: 11/22 MP: 1/5
   310 | D:1      | Slain by a goblin

Vault maps used:
D:1:      nicolae_arrival_washed_ashore

Action                   || total
-------------------------++-------
Melee: Unarmed           ||     3
 Cast: Flame Tongue      ||    15
 Abil: Spit Poison       ||     8
Armor: Robe              ||     5
Dodge: Dodged            ||    19
